 Dungeon Crawl Stone Soup version 0.31-a0-165-g3f4f80340b (webtiles) character file.

Game seed: 1303280217426594996

68 qw the Shooter (level 4, -1/28 HPs)
             Began as a Gargoyle Hunter on June 13, 2023.
             Slain by Grinder (3 damage)
             ... on level 3 of the Dungeon.
             The game lasted 00:00:35 (1622 turns).

qw the Shooter (Gargoyle Hunter)                    Turns: 1622, Time: 00:00:36

Health: -1/28      AC:  8    Str: 21    XL:     4   Next: 19%
Magic:  4/4        EV: 11    Int:  9    God:
Gold:   79         SH:  0    Dex: 15    Spells: 3/3 levels left

rFire   . . .        Y - +0 shortbow
rCold   + . .        (shield currently unavailable)
rNeg    + . .        f - +0 ring mail
rPois   inf          (no helmet)
rElec   +            (no cloak)
rCorr   .            (no gloves)
SInv    .            (no boots)
Will    .....        (no amulet)
Stlth   +            h - +6 ring of strength
HPRegen 0.24/turn    c - ring of protection from cold
MPRegen 0.09/turn

%: no passive effects
@: no status effects
A: sickness immunity, AC +3, negative energy resistance 1, electricity
resistance, torment resistance 1, petrification resistance
a: no special abilities


You were on level 3 of the Dungeon.
You visited 1 branch of the dungeon, and saw 3 of its levels.

You collected 79 gold pieces.


Innate Abilities, Weirdness & Mutations

You are immune to sickness and miasma.
Your stone body is resilient. (AC +3)
You are immune to poison.
You resist negative energy. (rN+)
You are resistant to electric shocks. (rElec)
You are resistant to unholy torment.
You are immune to petrification.


   Skills:
 - Level 3.0 Fighting
 + Level 5.1 Ranged Weapons
 - Level 1.0 Armour
 - Level 1.5 Dodging
 - Level 1.1 Stealth


You had 3 spell levels left.
You didn't know any spells.
Your spell library was empty.

Inventory:

Hand Weapons
 Y - a +0 shortbow (weapon)
Armour
 f - a +0 ring mail (worn)
 i - a +0 helmet
Jewellery
 c - a ring of protection from cold (right hand)
 h - a +6 ring of strength (left hand)
Scrolls
 e - a scroll of enchant armour {unknown}
Potions
 a - a potion of mutation {unknown}
 b - a potion of heal wounds {unknown}
 d - a potion of lignification {unknown}
 g - a potion of might
 k - a potion of attraction
 l - 4 potions of curing

Dungeon Overview and Level Annotations

Branches:
Dungeon (3/15)

Altars:
Hepliaklqana

Annotations:
D:3 Grinder


Message History

Enter note:
Enter note:
Enter note:
Enter note:
Enter note:
Enter note:
Enter note:
Enter note:
Enter note:
There is a stone staircase leading up here.
You now have 79 gold pieces (gained 9).
Grinder comes into view.
Grinder shouts!
Enter note:
Enter note:
Enter note:
Enter note:
Enter note:
Enter note:
Enter note:
Enter note:
Enter note: You shoot an arrow.
The arrow hits Grinder but does no damage.
Grinder gestures at you. Pain shoots through your body! Grinder hits you!
You writhe in agony.
You shoot an arrow.
The arrow hits Grinder but does no damage.
Grinder hits you!
You writhe in agony.
You shoot an arrow. The arrow closely misses Grinder.
Grinder hits you but does no damage.
You shoot an arrow. The arrow hits Grinder.
Grinder is lightly wounded.
Grinder completely misses you.
You shoot an arrow. The arrow hits Grinder.
Grinder is lightly wounded.
Grinder hits you.
You shoot an arrow. The arrow closely misses Grinder.
Grinder hits you.
You die...

#......#.#
#.####.#.#
#....#.#.#
###.##.#.#
#.#.##.#.#
#......#.#
#.#.....<#
#.#.####.#
#@### #.#
#.5......#
##########


You could see Grinder.

Vanquished Creatures
  2 adders (D:2)
  3 dart slugs
  4 endoplasms
  2 giant cockroaches
  7 goblins
  2 hobgoblins
  2 jackals (D:1)
  6 kobolds
  2 quokkas
  3 ball pythons
  2 bats
  3 frilled lizards
  A rat (D:2)
39 creatures vanquished.

Notes
Turn   | Place    | Note
-------+----------+-------------------------------------------
     0 | D:1      | qw the Gargoyle Hunter began the quest for the Orb.
     0 | D:1      | Reached XP level 1. HP: 12/12 MP: 1/1
     0 | D:1      | 0 ||| qw: Version: 0.2-a-29-gc1b59c4
     0 | D:1      | 0 ||| qw: Game counter: 4638
     0 | D:1      | 0 ||| qw: Always use a shield: true
     0 | D:1      | 0 ||| qw: God list: Okawaru
     0 | D:1      | 0 ||| qw: Allow faded altars: false
     0 | D:1      | 0 ||| qw: Do Orc after D:15 true
     0 | D:1      | 0 ||| qw: Do second Lair branch before Depths: true
     0 | D:1      | 0 ||| qw: Lair rune preference: random
     0 | D:1      | 0 ||| qw: Plans: Normal, Zot:1-4, Slime:5, God:TSO, Crypt,
                  | Tomb, Abyss, Pan, Hells, Win
     0 | D:1      | 0 ||| PLANNING D:1-11
   129 | D:1      | Reached XP level 2. HP: 17/17 MP: 2/2
   261 | D:1      | Found a faded altar of an unknown god.
   625 | D:1      | 625 ||| UPGRADING to +0 ring mail.
   635 | D:1      | 635 ||| DROPPING +0 leather armour.
   636 | D:1      | 636 ||| UPGRADING to +6 ring of strength.
   637 | D:1      | 637 ||| READING 3 scrolls labelled VUGAQ LUMIE.
   638 | D:1      | 638 ||| READING scroll labelled LUKLONTUVUM.
   639 | D:1      | 639 ||| READING scroll labelled HOXKAIRICH.
   640 | D:1      | 640 ||| READING scroll labelled NEIGGI LUKLAG.
   741 | D:1      | 741 ||| DRINKING 4 glowing grey potions.
   742 | D:1      | 742 ||| DROPPING 2 scrolls of immolation.
   743 | D:1      | 743 ||| DROPPING scroll of butterflies.
   811 | D:2      | Reached skill level 1 in Armour
   811 | D:2      | Reached XP level 3. HP: 11/21 MP: 3/3
  1029 | D:2      | Reached skill level 5 in Ranged Weapons
  1074 | D:2      | Found a hazy altar of Hepliaklqana.
  1214 | D:2      | Reached XP level 4. HP: 27/27 MP: 4/4
  1223 | D:2      | 1223 ||| DROPPING ring of wizardry.
  1224 | D:2      | 1224 ||| UPGRADING to ring of protection from cold.
  1225 | D:2      | 1225 ||| READING scroll labelled ZAHOFI XISMARR.
  1228 | D:2      | 1228 ||| DRINKING 2 inky potions.
  1229 | D:2      | 1229 ||| DRINKING 2 metallic pink potions.
  1411 | D:3      | Reached skill level 3 in Fighting
  1616 | D:3      | Noticed Grinder
  1618 | D:3      | HP: 4/28 [Grinder (7)]
  1622 | D:3      | Slain by Grinder

Levels and vault maps discovered:
D:1:      amcnicky_arrival_gap_in_the_tavern_cellar, layout_loops_ring,
          ebering_ecumenical_altar_webs, amcnicky_mini_corridor_feature
D:2:      layout_rooms, basic_altar
D:3:      layout_basic, serial_curves, eino_curves_03, eino_curves_03,
          uniq_grinder

Skill      XL: |  1  2  3  4 |
---------------+-------------+-----
Armour         | 1 |  1.0
Ranged Weapons | 5 |  5.1
Fighting       | 3 |  3.0
Dodging        | |  1.5
Stealth        | |  1.1

Action                     |  1- 3 |  4- 6 || total
---------------------------+-------+-------++-------
   Fire: Shortbow          |    87 |    25 ||   112
    Use: Scroll            |     4 |     1 ||     5
         Potion            |     1 |     2 ||     3
 Armour: Leather armour    |     2 |       ||     2
         Ring mail         |    14 |     1 ||    15
  Dodge: Dodged            |    31 |     2 ||    33

Table legend:
 A = Non-vault XP
 B = Vault XP
 C = Vault XP percentage of total XP
 D = Non-vault monster count
 E = Vault monster count
 F = Vault count percentage of total count
                 A         B        C        D         E       F
            +---------+---------+-------+---------+---------+-------
      Total |      98 |       0 |   0.0 |      39 |       0 |   0.0
            +---------+---------+-------+---------+---------+-------
        D:1 |      26 |       0 |   0.0 |      13 |       0 |   0.0
        D:2 |      57 |       0 |   0.0 |      19 |       0 |   0.0
        D:3 |      15 |       0 |   0.0 |       7 |       0 |   0.0
            +---------+---------+-------+---------+---------+-------
